 Dungeon Crawl Stone Soup version 0.22-a0-40-g3d2f077 (webtiles) character file.

192 Faca the Poker (level 5, -3/41 HPs)
             Began as a Merfolk Gladiator on Jan 4, 2018.
             Slain by Menkaure (9 damage)
             ... on level 4 of the Dungeon.
             The game lasted 00:05:48 (2312 turns).

Faca the Poker (Merfolk Gladiator)                  Turns: 2312, Time: 00:05:49

Health: -3/41      AC:  9    Str: 14    XL:     5   Next: 71%
Magic:  5/5        EV:  7    Int:  7    God:
Gold:   128        SH:  4    Dex: 21    Spells: 4/4 levels left

rFire    . . .     SeeInvis .   a - +1 trident
rCold    . . .     Gourm    .   o - +0 buckler
rNeg     . . .     Faith    .   r - +0 chain mail
rPois    .         Spirit   .   c - +0 helmet
rElec    .         Reflect  .   (no cloak)
rCorr    .         Harm     .   (no gloves)
MR       .....                  (no boots)
Stlth    ..........             (no amulet)
HPRegen  0.13/turn              p - ring of flight
MPRegen  0.09/turn              k - +4 ring of dexterity

@: no status effects
A: change form in water, swift swim, stealthy swim
a: Evoke Flight


You were on level 4 of the Dungeon.
You were not hungry.

You visited 1 branch of the dungeon, and saw 4 of its levels.

You collected 128 gold pieces.

Inventory:

Hand Weapons
 a - a +1 trident (weapon)
Missiles
 d - 3 throwing nets (quivered)
Armour
 c - a +0 helmet (worn)
 l - a +0 ring mail
 o - a +0 buckler (worn)
 r - a +0 chain mail (worn)
Jewellery
 k - a +4 ring of dexterity (right hand)
 p - a ring of flight (left hand)
Wands
 u - a wand of digging (14)
Scrolls
 h - 4 scrolls of remove curse
 i - a scroll of enchant weapon
 m - a scroll of blinking {unknown}
 q - a scroll of teleportation
Potions
 b - a potion of heal wounds
 e - a potion of lignification
 g - 2 potions of flight {unknown}
 j - a potion of mutation
 n - 2 potions of cancellation {unknown}
 s - a potion of magic {unknown}
 t - a potion of curing {unknown}
Comestibles
 f - 7 rations


   Skills:
 + Level 3.4 Fighting
 + Level 6.9 Polearms
 - Level 2.0 Throwing
 - Level 1.0 Armour
 * Level 4.7 Dodging
 + Level 1.2 Stealth


You had 4 spell levels left.
You didn't know any spells.

Dungeon Overview and Level Annotations

Branches:
Dungeon (4/15)
 Temple: D:4-7

Altars:

Annotations:
D:4 Menkaure


Message History

Menkaure calls on the powers of darkness!
Your body is wracked with pain!
You are too injured to fight recklessly!
You are too injured to fight recklessly!
You puncture Menkaure!
Menkaure is moderately damaged.
You hit Menkaure.
Menkaure is moderately damaged.
Menkaure hits you.
You hit Menkaure.
Menkaure is heavily damaged.
Menkaure hits you but does no damage.
You hit Menkaure.
Menkaure is severely damaged.
Menkaure hits you!
* * * LOW HITPOINT WARNING * * *
You hit Menkaure.
Menkaure is severely damaged.
Menkaure hits you!
You die...

##............###
#.................
#.................
##...............
#.............#
#...........<#
#...........>###
#.......M†.....##
#########@.......
##..####... ###
##..## #.####..##
##..#..## ##...##
##..# ##.# #.##
#####


You could see Menkaure.

Vanquished Creatures
  An orc wizard (D:3)
  An iguana (D:4)
  5 adders
  An ooze (D:3)
  An adder skeleton (D:4)
  A dart slug (D:1)
  6 leopard geckos
  3 orcs (D:3)
  4 giant cockroaches
  7 goblins
  7 hobgoblins
  8 jackals
  A quokka (D:2)
  7 bats
  3 frilled lizards
  8 kobolds
  12 rats
76 creatures vanquished.

Notes
Turn   | Place    | Note
-------+----------+-------------------------------------------
     0 | D:1      | Faca the Merfolk Gladiator began the quest for the Orb.
     0 | D:1      | Reached XP level 1. HP: 16/16 MP: 1/1
   257 | D:1      | Reached XP level 2. HP: 23/23 MP: 2/2
   873 | D:1      | Reached skill level 5 in Polearms
  1042 | D:2      | Reached XP level 3. HP: 28/28 MP: 3/3
  1369 | D:2      | Reached XP level 4. HP: 35/35 MP: 4/4
  1764 | D:3      | Reached skill level 6 in Polearms
  1764 | D:3      | Reached skill level 1 in Armour
  1764 | D:3      | Reached skill level 1 in Stealth
  1812 | D:3      | Reached XP level 5. HP: 41/41 MP: 5/5
  2284 | D:4      | Noticed Menkaure
  2312 | D:4      | Slain by Menkaure

Vault maps used:
D:1:      dpeg_arrival_water_temple_mockup, glass_columns_c, grunt_decor_clamped
D:3:      first_ration
D:4:      cheibrodos_quashed, serial_shops, nicolae_shop_trees, uniq_menkaure

Skill      XL: |  1  2  3  4 |
---------------+-------------+-----
Polearms       | 5 6 |  6.9
Fighting       | 3 |  3.4
Armour         | 1 |  1.0
Stealth        | 1 |  1.2
Throwing       | |  2.0
Dodging        | |  4.7

Action                   |  1- 3 |  4- 6 || total
-------------------------+-------+-------++-------
Melee: Trident           |   107 |    97 ||   204
  Use: Scroll            |     7 |     2 ||     9
 Stab: Sleeping          |     2 |     1 ||     3
  Eat: Ration            |     1 |     1 ||     2
Armor: Leather armour    |     4 |       ||     4
       Ring mail         |    14 |     2 ||    16
       Chain mail        |       |    28 ||    28
Dodge: Dodged            |    64 |    18 ||    82
Block: Buckler           |     2 |    17 ||    19

Table legend:
 A = Spawn XP
 B = Non-spawn XP
 C = Spawn XP percentage of total XP
 D = Spawn monster count
 E = Non-spawn monster count
 F = Spawn count percentage of total count
 G = Total turns spent on level
                    A         B        C        D         E        F      G
               +---------+---------+-------+---------+---------+-------+---------
         Total |       0 |     275 |   0.0 |       0 |      76 |   0.0 |  2312
               +---------+---------+-------+---------+---------+-------+---------
           D:1 |       0 |      28 |   0.0 |       0 |      19 |   0.0 |   986
           D:2 |       0 |      73 |   0.0 |       0 |      29 |   0.0 |   764
           D:3 |       0 |     111 |   0.0 |       0 |      22 |   0.0 |   441
           D:4 |       0 |      63 |   0.0 |       0 |       6 |   0.0 |   121
               +---------+---------+-------+---------+---------+-------+---------
